 Dungeon Crawl Stone Soup version 0.31-a0-1172-g9944ec47dd (webtiles) character file.

Game seed: 14606567212983934951

54 Curundu the Trooper (level 3, 0/34 HPs)
             Began as a Minotaur Berserker on Dec 10, 2023.
             Was a Follower of Trog.
             Slain by an orc
             ... wielding a +0 trident of flaming
              (3 damage)
             ... on level 2 of the Dungeon.
             The game lasted 00:02:15 (948 turns).

Curundu the Trooper (Minotaur Berserker)             Turns: 948, Time: 00:02:15

Health: 0/34       AC:  5    Str: 23    XL:     3   Next: 66%
Magic:  2/2        EV: 11    Int:  4    God:    Trog [*.....]
Gold:   93         SH:  0    Dex:  9    Spells: 2/2 levels left

rFire   . . .        a - +0 spear
rCold   . . .        (no shield)
rNeg    . . .        d - +0 ring mail
rPois   .            (helmet restricted)
rElec   .            (no cloak)
rCorr   .            (no gloves)
SInv    .            (no boots)
Will    .....        (no amulet) Stlth
                     (no ring)
HPRegen 0.25/turn    (no ring)
MPRegen 0.08/turn

%: no passive effects
@: no status effects
A: horns 2, retaliatory headbutt
a: Renounce Religion, Berserk


You were on level 2 of the Dungeon.
You worshipped Trog.
Trog was aware of your devotion.
You visited 1 branch of the dungeon, and saw 2 of its levels.

You collected 93 gold pieces.

Inventory:

Hand Weapons
 a - a +0 spear (weapon)
Armour
 b - a +0 animal skin
 d - a +0 ring mail (worn)
Scrolls
 e - a scroll of brand weapon {unknown}
 g - a scroll of amnesia {unknown}
Potions
 c - a potion of haste {unknown}
 f - a potion of berserk rage {unknown}
 h - a potion of heal wounds {unknown}


   Skills:
 + Level 4.5 Fighting
 + Level 4.5 Polearms
 + Level 2.9 Armour
 + Level 2.5 Dodging


You had 2 spell levels left.
You didn't know any spells.
Your spell library was empty.

Dungeon Overview and Level Annotations

Branches:
Dungeon (2/15)

Altars:


Innate Abilities, Weirdness & Mutations

You have a pair of horns on your head.
You reflexively headbutt those who attack you in melee.


Message History

The orc hits you from afar with a +0 trident of flaming.
The orc burns you.
You barely miss the orc. You headbutt the orc.
You kill the orc!
Trog accepts your kill. The orc closely misses you.
The orc hits you with a +0 trident of flaming.
The orc burns you.
* * * LOW HITPOINT WARNING * * *
Items here: ))) †.
The orc priest attacks as it pursues you!
The orc priest hits you with a +0 club.
* * * LOW HITPOINT WARNING * * *
The orc hits you but does no damage.
You hit the orc priest. You headbutt the orc priest!
The orc priest is almost dead.
The orc priest barely misses you. The orc barely misses you.
You barely miss the orc priest.
The orc priest is almost dead.
The orc closely misses you.
The orc priest casts a cantrip, but nothing happens.
You hit the orc priest.
You kill the orc priest!
Trog accepts your kill. The orc closely misses you.
You have reached level 3!
Your experience leads to an increase in your attributes!
Increase (S)trength, (I)ntelligence, or (D)exterity?
You feel stronger. x2
A goblin comes into view. It is wielding a +0 dagger.
The goblin shouts!
You hear an angry hiss.
The orc hits you with a +0 trident of flaming.
* * * LOW HITPOINT WARNING * * *
The orc burns you.
* * * LOW HITPOINT WARNING * * *
A ball python comes into view.
The goblin moves out of view.
Items here: )))) †.
The orc hits you with a +0 trident of flaming.
You die...

#########.....
.............
.......S...
.........
......##
...... .
##..##....
#@o>.g....
#)#.......
#.#.......
#.#.......
##.#.......
#..#.......
#.##.......
#.####.####
#...# #


You could see an orc, a goblin and a ball python.

Vanquished Creatures
  An orc priest (D:2)
  3 orcs (D:2)
  A ball python (D:1)
  2 bats (D:1)
  A giant cockroach (D:1)
  A goblin (D:1)
  4 hobgoblins (D:1)
  2 kobolds (D:1)
  A quokka (D:1)
  3 rats (D:1)
19 creatures vanquished.

Notes
Turn   | Place    | Note
-------+----------+-------------------------------------------
     0 | D:1      | Curundu the Minotaur Berserker began the quest for the Orb.
     0 | D:1      | Reached XP level 1. HP: 19/19 MP: 0/0
   382 | D:1      | Reached XP level 2. HP: 27/27 MP: 1/1
   947 | D:2      | Reached XP level 3. HP: 7/34 MP: 2/2
   948 | D:2      | Slain by an orc

Illustrated notes

Levels and vault maps discovered:
D:1:      dpeg_arrival_simpleton_c, layout_basic, nrook_mini_vaults,
          minmay_cupped
D:2:      layout_rooms

Skill      XL: |  1  2 |
---------------+-------+-----
Polearms       | 4 |  4.5
Fighting       | 4 |  4.5
Armour         | |  2.9
Dodging        | |  2.5

Action                     || total
---------------------------++-------
  Melee: Spear             ||    40
         Headbutt          ||     9
         Punch             ||     1
 Armour: Animal skin       ||     4
         Ring mail         ||    20
  Dodge: Dodged            ||    29

Table legend: (Time is in decaauts)
 A = Elapsed time spent in this place.
 B = Non-inter-level travel time spent in this place.
 C = Inter-level travel time spent in this place.
 D = Time resting spent in this place.
 E = Time spent auto-exploring this place.
 F = Levels seen in this place.
 G = Mean time per level.
                   A        B        C        D        E       F      G
               +--------+--------+--------+--------+--------+-----+--------+
         Total |    943 |    943 |      0 |      0 |    782 |   2 |  471.5 |
       Dungeon |    943 |    943 |      0 |      0 |    782 |   2 |  471.5 |
               +--------+--------+--------+--------+--------+-----+--------+

Top non-repeatable levels by time:
     D:1: 892 daAuts
     D:2: 51 daAuts
